 Dungeon Sprint DCSS version 0.27-a0-74-gebd156f8b4 (webtiles) character file.

Game seed: 6702871105506154883

16984 rocky1 the Earth Mage (level 12, -8/80 HPs)
             Began as a Gargoyle Earth Elementalist on Jan 12, 2021.
             Was the Champion of Cheibriados.
             Mangled by a golden dragon (12 damage)
             ... in the Dungeon (Sprint I: "Red Sonja").
             The game lasted 00:24:13 (4202 turns).

rocky1 the Earth Mage (Gargoyle Earth Elementalist) Turns: 4202, Time: 00:24:13

Health: -8/80      AC: 18    Str: 29    XL:     12   Next: 43%
Magic:  14/29      EV: 20    Int: 34    God:    Cheibriados [******]
Gold:   2589       SH: 10    Dex: 25    Spells: 24/37 levels left

rFire    + . .     SeeInvis .   o - +0 morningstar
rCold    + + .     Faith    .   t - +0 buckler
rNeg     + + .     Spirit   .   f - +3 leather armour {rC+}
rPois    ∞         Reflect  +   n - -2 hat of the Alchemist {rElec rPois rF+ rC+ rN+ Will+ rMut rCorr}
rElec    +         Harm     .   x - +0 cloak (curse)
rCorr    +         Rampage  .   w - +0 pair of gloves
rMut     +         NoTele   +   u - +0 pair of boots
Will     ++...                  s - amulet of reflection
Stlth    ++........             m - ring of willpower
HPRegen  0.23/turn              v - ring of wizardry
MPRegen  0.21/turn

@: very slow
A: negative energy resistance 1, electricity resistance, unbreathing,
petrification resistance, miasma immunity, AC +8
a: Renounce Religion, Bend Time, Temporal Distortion, Slouch, Step From Time


You were in the Dungeon.
You worshipped Cheibriados.
Cheibriados was exalted by your worship.
You visited 1 branch You collected 4625 gold pieces.
You spent 2036 gold pieces at shops.

Inventory:

Hand Weapons
 k - a +2 short sword of venom
 o - a +0 morningstar (weapon)
Missiles
 b - 74 stones
 l - 10 curare-tipped darts
Armour
 f - a +3 leather armour of cold resistance (worn)
 n - the -2 hat of the Alchemist (worn) {rElec rPois rF+ rC+ rN+ Will+ rMut rCorr}
   (You bought it in a shop in the Dungeon)

   It protects you from fire.
   It protects you from cold.
   It insulates you from electricity.
   It protects you from poison.
   It protects you from negative energy.
   It affects your willpower, your defense against some magical effects.
   It provides partial protection from all sources of acid and corrosion.
   It protects you from mutation.
 t - a +0 buckler (worn)
 u - a +0 pair of boots (worn)
 w - a +0 pair of gloves (worn)
 x - a cursed +0 cloak (worn)
Jewellery
 m - a ring of willpower (left hand)
 s - an amulet of reflection (around neck)
 v - a ring of wizardry (right hand)
Wands
 a - a wand of polymorph (9)
 h - a wand of disintegration (15)
Scrolls
 c - a scroll of brand weapon {unknown}
 e - a scroll of amnesia {unknown}
 i - 2 scrolls of blinking
 j - 2 scrolls of identify
 p - a scroll of remove curse {unknown}
 r - a scroll of fog {unknown}
Potions
 d - 4 potions of curing
 g - a potion of magic
Miscellaneous
 q - a condenser vane


   Skills:
 + Level 11.6 Fighting
 + Level 3.9 Maces & Flails
 + Level 9.6 Armour
 + Level 9.2 Dodging
 - Level 2.1 Stealth
 + Level 13.4 Spellcasting
 - Level 0.7 Transmutations
 + Level 20.7 Earth Magic
 + Level 11.6 Invocations


You had 24 spell levels left.
You knew the following spells:

 Your Spells              Type           Power        Failure   Level
a - Sandblast             Erth           100%         0%          1
b - Stone Arrow           Conj/Erth      100%         1%          3
c - Lee's Rapid Deconstr  Erth           52%          0%          5
d - Petrify               Tmut/Erth      77%          1%          4

Your spell library contained the following spells:

 Spells                   Type           Power        Failure   Level
 Passwall                 Tmut/Erth      64%          1%          2


Dungeon Overview and Level Annotations

Branches:
Dungeon (1/1)

Altars:
Cheibriados
Dithmenos
Elyvilon
Fedhas
Gozag
Hepliaklqana
Kikubaaqudgha
Makhleb
Nemelex Xobeh
Okawaru
Qazlal
Ru
Sif Muna
Trog
Uskayaw
Vehumet
Wu Jian
Xom
Yredelemnul
Zin
The Shining One
Jiyva
Lugonu

Shops:
D [?([[:=:?[=}:([[[


Innate Abilities, Weirdness & Mutations

You are resistant to torment.
Your stone body is resilient. (AC +8)
You are immune to poison.
You resist negative energy. (rN+)
You are resistant to electric shocks. (rElec)
You can survive without breathing.
You are immune to petrification.
You are immune to miasma.


Message History

Casting: Lee's Rapid Deconstruction (safe; 0% risk of failure)
Confirm with . or Enter, or press ? or * to list all spells.
Aiming: Lee's Rapid Deconstruction (safe; 0% risk of failure)
Press: ? - help, Dir - move target A stone wall.
The wall shatters!
The blast of rock fragments hits the golden dragon.
The golden dragon is heavily wounded.
The golden dragon closely misses you. You block the golden dragon's attack.
The golden dragon tramples you but does no damage.
Casting: Lee's Rapid Deconstruction (safe; 0% risk of failure)
Confirm with . or Enter, or press ? or * to list all spells.
Aiming: Lee's Rapid Deconstruction (safe; 0% risk of failure)
Press: ? - help, Dir - move target A stone wall.
The wall shatters!
The blast of rock fragments hits the golden dragon!
The golden dragon is heavily wounded.
The golden dragon bites you!
You die...

#################
§.§..§..#^^§.§§§#
§.§§##..'§^#.§§§##
§§§#######+#§§§§@#
##§#...## #§§§§D#
)#.##...# ##§§§§#
##..###.# ###§##
.##.#)#.# #§#
.#..###.# #§#
##.##...# .§§
##..#'### ^..D.
###...# #.^.§.§


You could see a golden dragon (catching breath).

Vanquished Creatures
  A shadow dragon (D)
  A daeva (D)
  A lorocyproca (D)
  A hydra (D)
  2 centaur warriors (D)
  Sonja (D)
  A deep troll (D)
  7 unseen horrors (D)
  A lindwurm (D)
  An oklob plant (D)
  A gargoyle (D)
  2 kobold demonologists (D)
  4 demonic crawlers (D)
  A meliai (D)
  A hornet (D)
  A slime creature (D)
  Sigmund (D)
  2 redbacks (D)
  A yak (D)
  13 hogs (D)
  3 floating eyes (D)
  7 necrophages (D)
  An ogre (D)
  8 jellies (D)
  Ijyb (D)
64 creatures vanquished.

Vanquished Creatures (others)
  A gargoyle (D)
  2 ballistomycete spores (D)
3 creatures vanquished.

Grand Total: 67 creatures vanquished

Notes
Turn   | Place    | Note
-------+----------+-------------------------------------------
     0 | D        | rocky1 the Gargoyle Earth Elementalist began the quest for
                  | the Orb.
     0 | D        | Reached XP level 1. HP: 10/10 MP: 3/3
     2 | D        | Noticed Ijyb
    11 | D        | Killed Ijyb
    12 | D        | Reached skill level 7 in Earth Magic
    12 | D        | Reached XP level 2. HP: 15/15 MP: 0/5
    12 | D        | Reached XP level 3. HP: 19/19 MP: 0/6
   158 | D        | Noticed an ogre
   160 | D        | Killed an ogre
   161 | D        | Reached skill level 11 in Earth Magic
   161 | D        | Reached XP level 4. HP: 24/24 MP: 4/7
   201 | D        | Noticed Sigmund
   205 | D        | Killed Sigmund
   206 | D        | Reached skill level 14 in Earth Magic
   206 | D        | Reached XP level 5. HP: 22/28 MP: 3/8
   206 | D        | Reached XP level 6. HP: 25/32 MP: 3/9
   210 | D        | Learned a level 3 spell: Stone Arrow
   216 | D        | Learned a level 5 spell: Lee's Rapid Deconstruction
   286 | D        | Found an ornate altar of the Wu Jian Council.
   286 | D        | Found a shimmering blue altar of Sif Muna.
   288 | D        | Found a radiant altar of Vehumet.
   334 | D        | Found Xutium's Magic Scroll Emporium.
   334 | D        | Found an ancient bone altar of Kikubaaqudgha.
   334 | D        | Found a hazy altar of Hepliaklqana.
   334 | D        | Found a stormy altar of Qazlal.
   334 | D        | Found a hide-covered altar of Uskayaw.
   334 | D        | Found a blossoming altar of Fedhas.
   334 | D        | Found a bloodstained altar of Trog.
   334 | D        | Found an iron altar of Okawaru.
   334 | D        | Found a basalt altar of Yredelemnul.
   334 | D        | Found a glowing golden altar of the Shining One.
   334 | D        | Found a snail-covered altar of Cheibriados.
   334 | D        | Found a sacrificial altar of Ru.
   334 | D        | Found a glowing silver altar of Zin.
   334 | D        | Found a shadowy altar of Dithmenos.
   334 | D        | Found a white marble altar of Elyvilon.
   334 | D        | Noticed a yak
   337 | D        | Killed a yak
   338 | D        | Reached skill level 5 in Spellcasting
   338 | D        | Reached skill level 15 in Earth Magic
   338 | D        | Reached XP level 7. HP: 36/36 MP: 3/14
   338 | D        | Found an opulent altar of Gozag.
   364 | D        | Killed a gargoyle
   414 | D        | Found a sparkling altar of Nemelex Xobeh.
   420 | D        | Became a worshipper of Cheibriados the Contemplative
   430 | D        | Noticed Sonja
   431 | D        | Killed Sonja
   432 | D        | Reached skill level 17 in Earth Magic
   432 | D        | Reached XP level 8. HP: 41/41 MP: 10/20
   492 | D        | Found Dusaromo's Antique Armour Boutique.
   512 | D        | Noticed a deep troll
   516 | D        | Killed a deep troll
   516 | D        | Reached * piety under Cheibriados
   517 | D        | Reached skill level 18 in Earth Magic
   805 | D        | Noticed a centaur warrior
   812 | D        | Found a burning altar of Makhleb.
   812 | D        | Found a viscous altar of Jiyva.
   812 | D        | Found a shimmering altar of Xom.
   812 | D        | Found a corrupted altar of Lugonu.
   812 | D        | Noticed a slime creature
   815 | D        | Killed a slime creature
   816 | D        | Reached skill level 1 in Fighting
   816 | D        | Reached skill level 10 in Spellcasting
   816 | D        | Reached skill level 1 in Invocations
   816 | D        | Reached XP level 9. HP: 48/48 MP: 11/23
   899 | D        | Noticed a kobold demonologist
   899 | D        | Noticed a kobold demonologist
   900 | D        | Reached ** piety under Cheibriados
   901 | D        | Killed a kobold demonologist
   902 | D        | Killed a kobold demonologist
   902 | D        | Reached *** piety under Cheibriados
  1103 | D        | Learned a level 4 spell: Petrify
  1109 | D        | Noticed a centaur warrior
  1116 | D        | Killed a centaur warrior
  1117 | D        | Reached skill level 5 in Fighting
  1117 | D        | Reached skill level 5 in Invocations
  1117 | D        | Killed a centaur warrior
  1117 | D        | Reached **** piety under Cheibriados
  1118 | D        | Reached skill level 5 in Dodging
  1118 | D        | Reached XP level 10. HP: 9/60 MP: 3/25
  1403 | D        | Bought a scroll of identify for 26 gold pieces
  1425 | D        | Bought a glowing leather armour for 110 gold pieces
  1425 | D        | Bought a runed robe for 81 gold pieces
  1473 | D        | Found Suevyon's Armour Emporium.
  1481 | D        | Bought a +0 helmet for 49 gold pieces
  1507 | D        | Reached skill level 1 in Armour
  1519 | D        | Noticed an oklob plant
  1522 | D        | Killed an oklob plant
  1523 | D        | Reached skill level 19 in Earth Magic
  1716 | D        | Reached ***** piety under Cheibriados
  1782 | D        | Reached ****** piety under Cheibriados
  1894 | D        | Noticed a lindwurm
  1896 | D        | Killed a lindwurm
  1953 | D        | Reached skill level 5 in Armour
  1953 | D        | Reached XP level 11. HP: 69/69 MP: 15/26
  2131 | D        | Noticed a 12-headed hydra
  2134 | D        | Killed a 12-headed hydra
  2635 | D        | Noticed a daeva
  2639 | D        | Killed a daeva
  2640 | D        | Reached skill level 10 in Fighting
  2640 | D        | Reached skill level 20 in Earth Magic
  2647 | D        | Killed an unseen horror
  2647 | D        | Killed an unseen horror
  2648 | D        | Reached skill level 10 in Invocations
  2653 | D        | Killed an unseen horror
  2653 | D        | Killed an unseen horror
  2662 | D        | Killed an unseen horror
  2930 | D        | Reached XP level 12. HP: 79/79 MP: 22/29
  2935 | D        | Killed a lorocyproca
  2936 | D        | Reached skill level 1 in Maces & Flails
  3704 | D        | Paralysed by a floating eye for 3 turns
  3885 | D        | Found Ekutaev's Antique Armour Shoppe.
  3885 | D        | Found Zevuubbu's Weapon Shop.
  3885 | D        | Found Caloh's Armour Boutique.
  3887 | D        | Found Mopog's Book Emporium.
  3887 | D        | Found Tyset's Jewellery Shop.
  3887 | D        | Found Xosen's Book Shoppe.
  3887 | D        | Found Ciofaer's Magic Scroll Boutique.
  3887 | D        | Found Wufuuzea's Antique Armour Emporium.
  3887 | D        | Found Laybadiw's Jewellery Shop.
  3887 | D        | Found Faotai Riena's Gadget Shoppe.
  3891 | D        | Found Sow Xexufri's Book Boutique.
  3892 | D        | Found Darol's Armour Emporium.
  3892 | D        | Found Boeq Xig's Weapon Boutique.
  3893 | D        | Found Queqooth's Armour Emporium.
  3896 | D        | Bought a buckler for 121 gold pieces
  3906 | D        | Bought the -2 hat of the Alchemist {rElec rPois rF+ rC+ rN+
                  | Will+ rMut rCorr} for 566 gold pieces
  3906 | D        | Found the -2 hat of the Alchemist {rElec rPois rF+ rC+ rN+
                  | Will+ rMut rCorr}
  3920 | D        | Bought a +0 pair of boots for 54 gold pieces
  3928 | D        | Bought a condenser vane for 440 gold pieces
  3929 | D        | Bought an uncursed ring of wizardry for 360 gold pieces
  3933 | D        | Bought a pair of gloves for 121 gold pieces
  3939 | D        | Bought a cloak for 108 gold pieces
  4182 | D        | Noticed a shadow dragon
  4183 | D        | Noticed a golden dragon
  4194 | D        | Killed a shadow dragon
  4200 | D        | HP: 4/80 [golden dragon/bolt of fire (22)]
  4202 | D        | Mangled by a golden dragon

Illustrated notes

Levels and vault maps discovered:
D:        dungeon_sprint_1 [red_sonja_temple_1, red_sonja_temple_small_1]

Skill      XL: |  1  2  3  4  5  6  7  8  9 10 11 12 |
---------------+-------------------------------------+-----
Earth Magic    | 7 11 14 15 17 18 19 20 | 20.7
Spellcasting   | 5 8 10 11 13 | 13.4
Fighting       | 1 6 8 10 11 | 11.6
Dodging        | 2 5 6 8 9 |  9.2
Invocations    | 1 6 8 10 11 | 11.6
Armour         | 5 8 9 |  9.6
Maces & Flails | 3 |  3.9
Stealth        | |  2.1
Transmutations | |  0.7

Action                   |  1- 3 |  4- 6 |  7- 9 | 10-12 || total
-------------------------+-------+-------+-------+-------++-------
Melee: Unarmed           |     4 |       |       |       ||     4
       Short sword       |       |       |       |    28 ||    28
       Morningstar       |       |       |       |    19 ||    19
 Cast: Sandblast         |     5 |     8 |     2 |     9 ||    24
       Lee's Rapid Decon |       |     1 |    13 |    51 ||    65
  Use: Potion            |     1 |       |     1 |     4 ||     6
       Scroll            |       |       |       |     1 ||     1
Armor: Robe              |     1 |       |     2 |       ||     3
       Leather armour    |       |       |       |    78 ||    78
Dodge: Dodged            |     2 |     1 |     5 |    97 ||   105
Block: Buckler           |       |       |       |     7 ||     7

Table legend: (Time is in decaauts)
 A = Elapsed time spent in this place.
 B = Non-inter-level travel time spent in this place.
 C = Inter-level travel time spent in this place.
 D = Time resting spent in this place.
 E = Time spent auto-exploring this place.
 F = Levels seen in this place.
 G = Mean time per level.
                   A        B        C        D        E       F      G
               +--------+--------+--------+--------+--------+-----+--------+
         Total |   5086 |   4950 |    136 |   2721 |      0 |   1 | 5086.0 |
       Dungeon |   5086 |   4950 |    136 |   2721 |      0 |   1 | 5086.0 |
               +--------+--------+--------+--------+--------+-----+--------+

Top non-repeatable levels by time:
       D: 5086 daAuts
